 Dungeon Crawl Stone Soup version 0.30-a0-603-g51a0fb1b98 (webtiles) character file.

Game seed: 5713985965807648588

173 Leeroy the Ruffian (level 5, 0/60 HPs)
             Began as a Draconian Transmuter on Jan 7, 2023.
             Was a High Priest of Ignis.
             Splashed by a jelly's acid (5 damage)
             ... in a sewer.
             The game lasted 00:09:17 (2509 turns).

Leeroy the Ruffian (Draconian Transmuter)           Turns: 2509, Time: 00:09:17

Health: 0/60       AC:  2    Str: 12    XL:     5   Next: 28%
Magic:  19/19      EV:  2    Int: 16    God:    Ignis [*****.]
Gold:   166        SH:  0    Dex: 11    Spells: 4/8 levels left

rFire   + . .      SeeInvis .      - Unarmed
rCold   . . .      Faith    +    (no shield)
rNeg    . . .      Spirit   .    (body armour unavailable)
rPois   +          Reflect  .    (helmet currently unavailable)
rElec   .          Harm     .    (cloak currently unavailable)
rCorr   .          Rampage  .    (gloves currently unavailable)
Will    .....      NoTele   +    (boots currently unavailable)
Stlth   +                        m
                                   - Hermit's Pendant {Faith Invo=14 Evo=0 MP+5}
HPRegen 0.30/turn                (no ring)
MPRegen 0.16/turn                (no ring)

@: tree-form, corroded
A: stationary, stasis, torment immunity, boosted hp, AC +5, unfitting armour,
(cold-blooded)
a: Renounce Religion, Fiery Armour, Foxfire Swarm, Rising Flame


You were in a sewer.
You worshipped Ignis.
Ignis was extremely pleased with you.
You were a tree.
You visited 1 branch of the dungeon, and saw 3 of its levels.
You also visited: Sewer.

You collected 166 gold pieces.

Inventory:

Missiles
 o - 11 poisoned darts
Armour
 i - the +2 pair of boots of Makhleb's Favour (melded) {Contam +Inv Str+8 Stlth+}
   (You found it on level 2 of the Dungeon)

   Str:       It affects your strength (+8).
   +Inv:      It lets you turn invisible.
   Contam:    It causes magical contamination when unequipped.
   Stlth:     It makes you more stealthy.
Jewellery
 m - the Hermit's Pendant (around neck) {Faith Invo=14 Evo=0 MP+5}
   (You found it on level 2 of the Dungeon)

   [amulet of faith]

   It sets your invocations skill to 14 and your evocations skill to 0.
   It allows you to gain divine favour quickly.
   MP:        It affects your magic capacity (+5).
Scrolls
 c - a scroll of fog {unknown}
 e - 2 scrolls of teleportation
 f - 4 scrolls of identify {unknown}
 j - a scroll of brand weapon {unknown}
 k - 2 scrolls of blinking {unknown}
Potions
 a - a potion of lignification
 b - a potion of degeneration {unknown}
 d - 3 potions of curing {unknown}
 g - 2 potions of heal wounds {unknown}
 h - a potion of experience {unknown}
 l - a potion of berserk rage {unknown}
 n - a potion of flight {unknown}


   Skills:
 - Level 1.1 Fighting
 - Level 1.7 Dodging
 + Level 6.0 Unarmed Combat
 - Level 2.0 Spellcasting
 - Level 2.0 Transmutations
 - Level 0.1 Poison Magic


You had 4 spell levels left.
You knew the following spells:

 Your Spells              Type           Power      Damage    Failure   Level
a - Beastly Appendage     Tmut           16%        N/A       9%          1
b - Spider Form           Tmut/Pois      4%         N/A       38%         3

Your spell library contained the following spells:

 Spells                   Type           Power      Damage    Failure   Level
 Wereblood                Tmut           8%         N/A       14%         2
 Ice Form                 Ice/Tmut       4%         N/A       80%         4


Dungeon Overview and Level Annotations

Branches:
Dungeon (3/15)              Sewer (1/1)

Altars:
Ignis


Innate Abilities, Weirdness & Mutations

You are a tree.
Your roots penetrate the ground, keeping you stationary.
You cannot be teleported.
You are immune to unholy pain and torment.
Your maximum health is greatly increased.
Your equipment is partially melded.
((Your plain brown scales are hard. (AC +5)))
You cannot fit into any form of body armour.
((You are cold-blooded and may be slowed by cold attacks.))


Message History

A jelly comes into view.
Found a ring mail.
There are monsters nearby!
You enter the shallow water.
Moving in this stuff is going to be slow.
You enter the shallow water.
Moving in this stuff is going to be slow.
A rat comes into view.
A jelly comes into view.
The rat closely misses you.
You punch the rat!
You kill the rat!
The jelly quivers.
Casting: Beastly Appendage (safe; 9% risk of failure)
Confirm with . or Enter, or press ? or * to list all spells.
Okay, then.
The jelly hits you. The acid corrodes you!
You are splashed with acid!
Really quaff the potion of lignification?
You turn into a tree.
The +2 pair of boots of Makhleb's Favour {Contam +Inv Str+8 Stlth+} melds into your body.
Your roots penetrate the ground.
The jelly hits you. The acid corrodes you!
You are splashed with acid!
You hit the jelly but do no damage. The acid corrodes you!
Your branches burn!
The jelly hits you but does no damage.
You hit the jelly.
Your branches burn!
The jelly is moderately wounded.
The jelly hits you. The acid corrodes you!
You are splashed with acid!
You hit the jelly but do no damage.
Your branches burn!
* * * LOW HITPOINT WARNING * * *
The jelly is moderately wounded.
The jelly hits you but does no damage.
You hit the jelly.
Your branches burn!
* * * LOW HITPOINT WARNING * * *
The jelly is moderately wounded.
The jelly hits you.
* * * LOW HITPOINT WARNING * * *
The acid corrodes you!
You are splashed with acid!
* * * LOW HITPOINT WARNING * * *
You hit the jelly.
Your branches burn!
You die...

#[. ##~~J #..~.
#~.~~ ##### .B~#
##.~.####.~#####
##..~~.##~.~#.~.~
#...#.~~#..~.~~~~
#~~♣##~.......##~
##.J~##~.~~.~~.#
##~..#.~.~##~!!#
...##~..~~##.##
.~##...~.~~# #
####....##~~.~~
##~..~.## #~..~
#.~~.~## #.~#
#..~### .~#


You could see a jelly.

Vanquished Creatures
  Terence (D:2)
  Robin (D:1)
  3 adders
  A river rat (Sewer)
  A worm (D:2)
  A dart slug (D:1)
  3 orcs (D:2)
  6 bats
  8 endoplasms
  6 giant cockroaches
  14 goblins
  9 hobgoblins
  6 jackals
  3 quokkas
  11 ball pythons
  4 kobolds
  7 rats
85 creatures vanquished.

Notes
Turn   | Place    | Note
-------+----------+-------------------------------------------
     0 | D:1      | Leeroy the Draconian Transmuter began the quest for the
                  | Orb.
     0 | D:1      | Reached XP level 1. HP: 16/16 MP: 3/3
    86 | D:1      | Found a faded altar of an unknown god.
   174 | D:1      | Prayed at the altar of an unknown god.
   174 | D:1      | Became a worshipper of Ignis, the Dying Flame
   265 | D:1      | Reached XP level 2. HP: 23/23 MP: 5/5
   498 | D:1      | Reached skill level 4 in Unarmed Combat
   805 | D:2      | Reached XP level 3. HP: 28/28 MP: 6/6
   808 | D:2      | Identified the +2 pair of boots of Makhleb's Favour {Contam
                  | +Inv Str+8 Stlth+}
   868 | D:2      | Noticed Robin
   919 | D:1      | Learned a level 3 spell: Spider Form
   943 | D:1      | Killed Robin
  1145 | D:2      | Reached XP level 4. HP: 35/35 MP: 7/7
  1159 | D:2      | Reached skill level 5 in Unarmed Combat
  1175 | D:2      | Noticed Terence
  1255 | D:2      | Killed Terence
  1499 | D:2      | Found the Hermit's Pendant {Faith Invo=14 Evo=0 MP+5}
  2055 | D:3      | Reached XP level 5. HP: 38/40 MP: 14/14
  2336 | D:3      | Found a glowing drain.
  2345 | Sewer    | Entered a sewer
  2467 | Sewer    | Reached skill level 6 in Unarmed Combat
  2509 | Sewer    | Splashed by a jelly's acid

Illustrated notes

Levels and vault maps discovered:
D:1:      mainiacjoe_arrival_reflecting_pool, layout_basic,
          shapermc_ecumenical_altar_starsandcircs,
          hangedman_decor_clover_reticule
D:2:      layout_basic, nicolae_concentric_dashed_squares_wild,
          nrook_loot_triangle, guppyfry_early_orc_mine, uniq_terence, uniq_robin
D:3:      layout_loops_cross, cheibrodos_sewer_entry_bend,
          nicolae_concentric_dashed_squares_mild
Sewer:    sewer_hellmonk_slimy_pipes

Skill      XL: |  1  2  3  4  5 |
---------------+----------------+-----
Unarmed Combat | 4 5 6 |  6.0
Fighting       | |  1.1
Dodging        | |  1.7
Spellcasting   | |  2.0
Transmutations | |  2.0
Poison Magic   | |  0.1

Action                   |  1- 3 |  4- 6 || total
-------------------------+-------+-------++-------
Melee: Unarmed           |   128 |   127 ||   255
       Headbutt          |     4 |       ||     4
       Kick              |     2 |       ||     2
       Tailslap          |     7 |    11 ||    18
       Punch             |       |     2 ||     2
 Cast: Beastly Appendage |     7 |     1 ||     8
       Spider Form       |       |     1 ||     1
  Use: Scroll            |       |     1 ||     1
       Potion            |       |     1 ||     1
 Stab: Sleeping          |       |     5 ||     5
Armor: Skin              |    61 |    57 ||   118
Dodge: Dodged            |   102 |   106 ||   208

Table legend: (Time is in decaauts)
 A = Elapsed time spent in this place.
 B = Non-inter-level travel time spent in this place.
 C = Inter-level travel time spent in this place.
 D = Time resting spent in this place.
 E = Time spent auto-exploring this place.
 F = Levels seen in this place.
 G = Mean time per level.
                   A        B        C        D        E       F      G
               +--------+--------+--------+--------+--------+-----+--------+
         Total |   2504 |   2303 |    201 |    103 |   1374 |   4 |  626.0 |
       Dungeon |   2336 |   2135 |    201 |    103 |   1293 |   3 |  778.7 |
         Sewer |    168 |    168 |      0 |      0 |     81 |   1 |  168.0 |
               +--------+--------+--------+--------+--------+-----+--------+

Top non-repeatable levels by time:
     D:2: 960 daAuts
     D:1: 856 daAuts
     D:3: 520 daAuts
   Sewer: 168 daAuts
